Map: Interloper LE

Players

Metasapien - Winner!

  • Race: Zerg Zerg
  • League: Platinum
  • Spawn Location: 11:00

A.I. 1 (Elite)

  • Race: Terran Terran
  • Spawn Location: 5:00

VOD

Have the link to the VOD?

Description

Time

  • Played on: Sept. 24, 2017, 6:40 p.m.
  • Length: 13:15
Show
View Real Time Build Order
Export as new Build Order

Metasapien Zerg - Winner!

Build Orders: Hatch First 

Get SALT Encoding   

  12  0:10  Overlord  
  12  0:20  Drone  
  12  0:21  Drone  
  14  0:45  Hatchery  
  14  0:47  Drone  
  14  0:52  Drone  
  15  1:03  Extractor  
  14  1:11  Spawning Pool  
  13  1:14  Drone  
  15  1:18  Drone  
  15  1:22  Drone  
  16  1:28  Drone  
  17  1:37  Drone  
  18  2:01  Drone  
  18  2:04  Drone  
  20  2:08  Hatchery  
  19  2:16  Queen  
  21  2:23  Overlord  
  21  2:26  Zergling x2  
  22  2:38  Drone x2  
  22  2:40  Spine Crawler  
  22  2:42  Zergling x2  
  24  2:53  Drone  
  25  2:59  Drone x3  
  29  3:05  Drone  
  29  3:11  Extractor  
  29  3:12  Overlord  
  28  3:15  Metabolic Boost  
  28  3:18  Drone  
  29  3:25  Drone x3  
  31  3:32  Queen  
  33  3:42  Zergling x2  
  33  3:43  Zergling x4  
  36  3:49  Drone, Roach Warren  
  36  3:51  Drone  
  36  3:54  Drone  
  38  4:01  Drone x2  
  40  4:06  Queen  
  42  4:10  Drone  
  42  4:11  Drone  
  42  4:13  Drone  
  42  4:16  Drone  
  46  4:17  Drone  
  46  4:23  Overlord  
  47  4:24  Overlord  
  47  4:38  Roach  
  49  4:53  Drone x3  
  49  4:55  Overlord x2, Drone x2  
  49  4:57  Roach x2  
  49  4:58  Roach x3  
  64  5:00  Lair  
  64  5:12  Drone x2  
  66  5:17  Extractor  
  65  5:24  Evolution Chamber  
  65  5:27  Extractor, Evolution Chamber, Roach x5  
  72  5:30  Drone x2  
  72  5:31  Drone x2  
  76  5:37  Roach x3  
  76  5:39  Overlord  
  82  5:54  Pneumatized Carapace  
  82  5:56  Burrow  
  82  5:58  Roach x2  
  82  5:59  Roach x2  
  82  6:01  Overlord x2  
  90  6:08  Overlord x2  
  90  6:25  Drone x2  
  91  6:30  Drone  
  91  6:31  Drone x2, Extractor  
  93  6:40  Hydralisk Den  
  93  6:43  Infestation Pit  
  93  6:46  Drone x2  
  93  6:47  Drone  
  94  6:49  Extractor  
  94  6:52  Zerg Ground Armor Level 1  
  94  6:53  Spine Crawler  
  92  6:59  Glial Reconstitution  
  92  7:06  Roach x4  
  92  7:07  Zergling x4  
  92  7:08  Zergling x2  
  103  7:09  Roach  
  103  7:14  Drone x3  
  108  7:17  Drone x5  
  113  7:23  Queen x2  
  113  7:24  Queen  
  113  7:26  Overlord  
  113  7:27  Overlord x3  
  119  7:58  Hydralisk  
  119  7:59  Hydralisk x5  
  119  8:00  Hydralisk x2, Roach x5  
  119  8:01  Roach  
  147  8:13  Zerg Missile Weapons Level 1  
  147  8:17  Overlord x3  
  147  8:18  Overlord  
  147  8:36  Queen  
  147  8:38  Hydralisk x2  
  147  8:39  Hatchery, Hydralisk x2  
  147  8:40  Roach  
  158  8:42  Infestor  
  158  8:46  Overseer  
  160  9:02  Zerg Ground Armor Level 2  
  160  9:08  Hydralisk x2  
  160  9:09  Roach x3, Hydralisk  
  174  9:10  Roach  
  174  9:17  Hydralisk  
  174  9:18  Nydus Network, Roach  
  177  9:28  Muscular Augments  
  177  9:32  Overlord x3  
  177  9:33  Overlord x2  
  164  9:44  Ravager  
  98  9:56  Roach, Hydralisk x4  
  98  9:57  Hydralisk, Zergling x4, Roach  
  98  9:58  Roach  
  114  10:08  Overseer  
  114  10:11  Ravager x2  
  116  10:24  Drone x3  
  116  10:26  Queen  
  121  10:30  Hive  
  121  10:32  Pathogen Glands  
  101  11:12  Ravager  
  101  11:13  Ravager x2  
  101  11:15  Zergling x2, Hydralisk x3  
  101  11:16  Hydralisk, Roach x5  
  101  11:17  Roach  
  125  11:20  Zergling x18  
  125  11:21  Zergling x14  
  138  11:53  Hatchery  
  137  12:52  Nydus Canal  
Show
View Real Time Build Order
Export as new Build Order

A.I. 1 (Elite) Terran 

Build Orders: MMM Bio 

Get SALT Encoding   

  12  0:00  SCV  
  13  0:13  SCV  
  14  0:19  Supply Depot  
  14  0:25  SCV  
  15  0:40  SCV  
  16  0:43  Barracks  
  16  0:53  SCV  
  17  1:05  SCV  
  18  1:17  SCV, Supply Depot  
  19  1:21  Refinery  
  19  1:29  SCV  
  19  1:30  Marine  
  21  1:41  SCV  
  22  1:47  Marine  
  22  1:52  Barracks  
  22  1:53  SCV  
  24  1:57  Refinery  
  24  2:04  Supply Depot  
  24  2:05  Orbital Command, Marine  
  25  2:23  Marine  
  26  2:31  SCV  
  27  2:41  Marine  
  27  2:43  SCV  
  29  2:45  Command Center  
  29  3:02  Factory, SCV  
  29  3:05  Marine  
  30  3:09  Marine  
  32  3:14  SCV  
  33  3:23  Marine  
  33  3:26  SCV  
  33  3:27  Marine  
  36  3:38  SCV  
  37  3:47  Factory Tech Lab  
  37  3:51  SCV  
  38  3:56  Marine x2  
  38  3:57  SCV  
  38  3:58  Starport  
  41  4:03  SCV  
  41  4:06  Supply Depot  
  41  4:09  SCV  
  43  4:14  Marine x2  
  43  4:15  SCV  
  46  4:21  Siege Tank, SCV  
  50  4:27  SCV  
  51  4:32  Supply Depot  
  51  4:33  SCV, Marine  
  51  4:35  Marine  
  51  4:37  Starport Tech Lab  
  54  4:39  SCV  
  55  4:45  SCV  
  55  4:51  SCV, Supply Depot  
  56  4:57  SCV  
  57  5:01  Siege Tank  
  57  5:03  SCV  
  57  5:05  Barracks Tech Lab  
  61  5:09  SCV  
  62  5:22  Orbital Command  
  62  5:23  Marauder  
  64  5:29  Stimpack  
  64  5:31  Ghost Academy  
  64  5:38  Command Center  
  64  5:44  Marauder  
  65  5:57  Engineering Bay  
  65  6:06  Marauder  
  67  6:14  Supply Depot  
  66  6:20  Engineering Bay  
  66  6:23  Terran Infantry Weapons Level 1  
  66  6:26  Barracks Tech Lab, Barracks  
  66  6:27  Marauder  
  68  6:35  Medivac  
  70  6:44  Ghost, Combat Shields  
  70  6:46  Terran Infantry Armor Level 1  
  72  6:48  Marauder  
  72  6:50  Supply Depot  
  72  6:51  SCV  
  75  6:58  SCV  
  75  7:05  Medivac  
  77  7:09  Marine  
  77  7:10  Refinery  
  77  7:13  Marauder  
  77  7:14  Barracks Reactor  
  80  7:16  Refinery  
  80  7:25  Orbital Command  
  80  7:27  Ghost  
  82  7:33  SCV  
  82  7:34  Command Center  
  82  7:35  Marauder  
  85  7:41  SCV  
  86  7:45  SCV  
  87  7:56  Marauder x2  
  87  7:57  Missile Turret  
  91  8:05  Supply Depot  
  91  8:10  Concussive Shells  
  91  8:16  Personal Cloaking  
  91  8:17  Marauder  
  91  8:18  Marauder  
  95  8:30  Missile Turret  
  95  8:39  Marauder x2  
  95  8:40  Barracks  
  99  8:47  Armory  
  99  8:55  SCV  
  100  8:58  SCV  
  100  8:59  Ghost  
  100  9:00  Marauder  
  100  9:01  SCV  
  100  9:02  SCV  
  107  9:07  SCV  
  108  9:10  SCV  
  108  9:13  SCV  
  108  9:14  SCV  
  111  9:19  SCV  
  111  9:22  SCV  
  113  9:25  SCV  
  113  9:26  SCV  
  115  9:31  SCV  
  115  9:32  Marauder x2  
  115  9:34  SCV, Supply Depot  
  115  9:35  Terran Infantry Weapons Level 2  
  115  9:37  SCV  
  120  9:38  SCV  
  120  9:43  SCV  
  102  9:46  Command Center  
  83  9:53  Marauder  
  83  9:54  Marauder, Marine  
  83  9:56  Marine  
  83  9:57  Marine  
  75  10:12  Siege Tank, Marine  
  75  10:14  Marine  
  80  10:15  Marauder, Marine x2  
  81  10:30  Marine  
  81  10:31  Marine  
  81  10:32  Ghost  
  81  10:33  Marine  
  81  10:34  SCV  
  61  10:43  Unknown  
  61  10:44  Siege Tank  
  61  10:46  Marine  
  61  10:47  SCV  
  61  10:48  Marine  
  61  10:49  Marine  
  58  10:56  Marine  
  47  11:01  Ghost  
  47  11:04  Marauder  
  47  11:06  Marine  
  4  12:23  Command Center  
  3  12:48  SCV  
Tags
 
Add a new tag
Caveats
  • Supply blocks, unpowered buildings, or Contaminate may cause inaccurate times.
  • Supply counts are checked every 10 seconds.